Match 46107717
Unlisted

Match 46107717
End
Construct Barracks
Selects Heavy Weapons
Riflemen Squad
Riflemen Squad
M1 Mortar Team
Construct Weapon Support Center
M1919 Machine Gun Team
Grenade Package
Selects M2HB .50cal Heavy Machine Gun
Riflemen Squad
Construct Medical Station
Infantry Support Center
M3 Armored Personnel Carrier
Selects Assault Carriers
Construct Tank Depot
Engineer Squad
M4A1 Sherman Medium Tank
Survival Training
M4A1 Sherman Medium Tank
M4A1 Sherman Medium Tank
M4A1 Sherman Medium Tank
M1918 Browning Automatic Rifles
Captain Retinue
Selects Exchangeable Parts
Selects M26 Pershing Heavy Tank
Advanced Logistics
Munitions Surplus
M26 Pershing Heavy Tank
Selects Gallant Stand
Selects Black Dragon Artillery Barrage
Riflemen Squad
Riflemen Squad
M4A1 Sherman Medium Tank
Engineer Squad
Black Dragon Artillery Barrage
Black Dragon Artillery Barrage
M4A1 Sherman Medium Tank
Black Dragon Artillery Barrage
Engineer Squad
Engineer Squad
Riflemen Squad
M4A1 Sherman Medium Tank
M4A1 Sherman Medium Tank
M1919 Machine Gun Team
Don Pitudo
Electron
QuallityAssurance
Black Blast
2nd Amendment
bloodlord696
0
0

Comments sign in to comment!

No comments posted yet!